 Seeded DCSS version 0.28.0-56-g4927b6849a (webtiles) character file.

Game seed: 10077074884737061911 (custom seed)

1369 tkbsonic5 the Sneak (level 8, -2/58 HPs)
             Began as a Vampire Gladiator on Jan 26, 2023.
             Was a Follower of Makhleb.
             Slain by a hornet (12 damage)
             ... on level 6 of the Dungeon.
             The game lasted 00:19:55 (4104 turns).

tkbsonic5 the Sneak (Vampire Gladiator)             Turns: 4104, Time: 00:19:56

Health: -2/58      AC: 18    Str: 13    XL:     8   Next: 38%
Magic:  10/10      EV: 11    Int: 11    God:    Makhleb [*.....]
Gold:   266        SH:  0    Dex: 17    Spells: 7/7 levels left

rFire   . . .      SeeInvis +   m - +5 lajatang (speed)
rCold   + . .      Faith    +   (shield currently unavailable)
rNeg    . . .      Spirit   .   u - +7 Kryia's mail coat {PotionHeal*2 rC+}
rPois   .          Reflect  .   c - +0 helmet
rElec   .          Harm     .   l - +2 cloak {Will+}
rCorr   .          Rampage  .   p - +0 pair of gloves
Will    +....                   (no boots)
Stlth   ++........              K - amulet of faith
HPRegen 0.39/turn               q - ring of flight
MPRegen 0.12/turn               (no ring)

@: lethally poisoned (-2 -> -21), flying, healing quickly, slowed, very slow
A: alive, fangs 3, see invisible, vampiric 2
a: Exsanguinate, Renounce Religion


You were on level 6 of the Dungeon.
You worshipped Makhleb.
Makhleb was aware of your devotion.
You visited 1 branch of the dungeon, and saw 7 of its levels.

You collected 266 gold pieces.

Inventory:

Hand Weapons
 a - a +0 rapier
 g - a +4 rapier of draining
 h - a +0 dagger of venom
 k - a +1 long sword of protection
 m - a +5 lajatang of speed (weapon)
 n - a +6 quick blade
 w - a +0 dagger of draining
 E - a +0 shortbow
Missiles
 d - a throwing net
 i - 67 sling bullets
 D - 3 curare-tipped darts
 F - 21 arrows
 I - 5 boomerangs
 M - 2 poisoned darts
Armour
 b - a +0 leather armour
 c - a +0 helmet (worn)
 e - a +0 ring mail
 l - a +2 cloak of willpower (worn)
 p - a +0 pair of gloves (worn)
 u - the +7 Kryia's mail coat (worn) {PotionHeal*2 rC+}
   (You found it on level 2 of the Dungeon)

   Potions are twice as effective at healing its wearer.
   rC:        It protects you from cold.
 y - a +2 cloak
Jewellery
 q - a ring of flight (left hand)
 B - a ring of resist corrosion
 K - an amulet of faith (around neck)
Wands
 C - a wand of flame (19)
 J - a wand of acid (14) (quivered)
Scrolls
 z - a scroll of enchant armour {unknown}
 G - a scroll of identify
Potions
 f - 2 potions of flight {unknown}
 j - 2 potions of brilliance
 o - a potion of attraction
 r - a potion of heal wounds
 s - a potion of cancellation {unknown}
 t - a potion of ambrosia {unknown}
 v - 2 potions of lignification {unknown}
 x - a potion of degeneration {unknown}
 A - a potion of haste {unknown}
 H - 2 potions of curing {unknown}
 L - a potion of mutation {unknown}


   Skills:
 * Level 3.5 Fighting
 - Level 6.2 Short Blades
 * Level 0.3 Staves
 + Level 1.8 Throwing
 + Level 2.2 Armour
 + Level 6.1 Dodging
 + Level 6.5 Stealth
 * Level 3.4 Invocations
 + Level 0.6 Evocations


You had 7 spell levels left.
You didn't know any spells.
Your spell library contained the following spells:

 Spells                   Type           Power      Damage    Failure   Level
 Sting                    Tmut/Pois      0%         1d3       86%         1
 Poisonous Vapours        Pois/Air       0%         N/A       94%         2
 Conjure Flame            Conj/Fire      0%         6-21      99%         3
 Dazzling Flash           Conj/Hex       0%         N/A       99%         3
 Ignite Poison            Fire/Tmut/Pois 0%         N/A       99%         3
 Iskenderun's Mystic Bla  Conj/Tloc      0%         2d3       100%        4
 Olgreb's Toxic Radiance  Pois           0%         N/A       100%        4
 Sticky Flame             Conj/Fire      0%         2d3       100%        4
 Starburst                Conj/Fire      0%         6d3       100%        6


Dungeon Overview and Level Annotations

Branches:
Dungeon (7/15)
 Temple: D:4-7

Altars:
Dithmenos
Hepliaklqana
Kikubaaqudgha
Makhleb
Qazlal
Xom


Innate Abilities, Weirdness & Mutations

Your natural rate of healing is accelerated.
You have razor-sharp teeth.
You have supernaturally acute eyesight. (SInv)
You are afflicted with vampirism and can become a bat while bloodless.


Message History

The hornet stings you!
You are poisoned.
You feel yourself slow down.
A kobold brigand comes into view.
It is wielding a +0 whip and quivering curare-tipped darts.
The hornet stings you but does no damage.
The bolt of acid misses the hornet.
You feel very sick.
You hear a shout!
The hornet stings you!
You are more poisoned.
You suddenly lose the ability to move!
The kobold brigand throws a curare-tipped dart.
The curare-tipped dart hits you.
You are more poisoned.
You have difficulty breathing.
You feel as though you will be slow longer.
A kobold comes into view. It is wielding a +0 short sword.
The hornet stings you but does no damage.
A kobold comes into view. It is wielding a +0 club.
The kobold moves out of view.
You hear a shout!
You can move again.
You feel extremely sick.
The hornet stings you but does no damage.
The hornet barely misses you.
You fly upwards.
You feel extremely sick.
There is a stone staircase leading down here.
You are too injured to fight recklessly!
Aiming: Corrosive Bolt
Press: ? - help, Q - select action, (/) - cycle Shift-Dir - straight line, f - hornet
Aim: a hornet (severely wounded, 57% to hit)
The bolt of acid misses the hornet.
You feel very sick. The hornet stings you!
* * * LOW HITPOINT WARNING * * *
You are lethally poisoned!
You feel as though you will be slow longer.
The hornet stings you!
You die...

##......# #..............
#.......# ##.............
##.......# #.............
#.....)..# #.............
##........# #..#..........
#.........## #..##.........
#..........#####..###.......#
#.......>....y....# ###...##.
##.......#..@.....# ####...
#.......#####....## ###...##
#......## ##.....###...####
#......# #.......>).###...
#.....## #.......[.##.....
##...## #.......###......
#...# #.....#..##...... #..##
#....#...#....... #.##
#....#...........


You could see a hornet.

Vanquished Creatures
  Menkaure (D:4)
  An ice beast (D:5)
  A black bear (D:4)
  3 ogres
  A centaur (D:5)
  A scorpion (D:5)
  A water moccasin zombie (D:5)
  4 wights
  A jelly (D:6)
  A bullfrog zombie (D:5)
  A centaur skeleton (D:5)
  5 iguanas
  An orc wizard (D:7)
  A killer bee zombie (D:4)
  7 gnolls
  3 adders
  A shadow imp (D:6)
  A white imp (D:6)
  4 dart slugs
  6 orcs
  5 bats
  10 endoplasms
  5 giant cockroaches
  8 goblins
  6 hobgoblins
  3 jackals (D:1)
  2 quokkas
  6 ball pythons
  3 frilled lizards (D:1)
  8 kobolds
  A quokka skeleton (D:4)
  7 rats
109 creatures vanquished.

Notes
Turn   | Place    | Note
-------+----------+-------------------------------------------
     0 | D:1      | tkbsonic5 the Vampire Gladiator began the quest for the
                  | Orb.
     0 | D:1      | Reached XP level 1. HP: 16/16 MP: 1/1
    96 | D:1      | Reached XP level 2. HP: 22/22 MP: 2/2
   269 | D:1      | Identified a scroll of acquirement
   269 | D:1      | Acquired a +4 rapier of draining
   552 | D:1      | Acquired a +5 lajatang of speed
   554 | D:1      | Acquired a +6 quick blade
   556 | D:1      | Acquired a +2 cloak of willpower
   652 | D:1      | Gained mutation: You are afflicted with vampirism and can
                  | become a bat while bloodless. [Vampire growth]
   652 | D:1      | Reached XP level 3. HP: 27/27 MP: 3/3
   903 | D:2      | Found a shimmering altar of Xom.
  1056 | D:2      | Found a faded altar of an unknown god.
  1063 | D:2      | Reached skill level 1 in Stealth
  1244 | D:2      | Found the +7 Kryia's mail coat {PotionHeal*2 rC+}
  1479 | D:3      | Reached XP level 4. HP: 34/34 MP: 4/4
  1563 | D:3      | Found a burning altar of Makhleb.
  1607 | D:3      | Became a worshipper of Makhleb the Destroyer
  1736 | D:3      | Reached XP level 5. HP: 37/39 MP: 5/5
  1870 | D:4      | Noticed an ogre
  1880 | D:4      | Killed an ogre
  1881 | D:4      | Reached skill level 1 in Armour
  1881 | D:4      | Reached skill level 1 in Invocations
  1881 | D:4      | Reached XP level 6. HP: 46/46 MP: 6/6
  1925 | D:4      | Found a stormy altar of Qazlal.
  1961 | D:4      | Noticed Menkaure
  1965 | D:4      | Killed Menkaure
  1966 | D:4      | Reached skill level 5 in Short Blades
  1994 | D:4      | Reached skill level 5 in Dodging
  2068 | D:4      | Reached XP level 7. HP: 52/52 MP: 8/8
  2257 | D:4      | Reached * piety under Makhleb
  2399 | D:5      | Entered Level 5 of the Dungeon
  2448 | D:5      | Reached skill level 5 in Stealth
  2547 | D:5      | Found an ancient bone altar of Kikubaaqudgha.
  2888 | D:5      | Found a hazy altar of Hepliaklqana.
  3063 | D:6      | Found a shadowy altar of Dithmenos.
  3125 | D:6      | Reached XP level 8. HP: 58/58 MP: 10/10
  4097 | D:7      | Noticed a hornet
  4101 | D:7      | Paralysed by a hornet for 1 turns
  4104 | D:6      | Slain by a hornet

Illustrated notes

Levels and vault maps discovered:
D:1:      erik_arrival_blinker_ship, layout_basic
D:2:      layout_basic, basic_altar, basic_ecumenical_altar
D:3:      layout_basic, mainiacjoe_overflow_tiny_flanked
D:4:      layout_basic, mainiacjoe_overflow_surrounded_room, uniq_menkaure
D:5:      layout_basic, kiku_gazebo_garden_becter,
          worldfamousw_hep_ancestral_shrine, serial_glass, glass_columns_a,
          glass_columns_b, glass_columns_a, glass_columns_b, glass_columns_a,
          glass_columns_a
D:6:      layout_cave_pods, nicolae_dithmenos_the_darkroom, grunt_decor_cap,
          serial_bayou_crossing
D:7:      layout_cave_pools, minmay_temple_entry_large_hall

Skill      XL: |  1  2  3  4  5  6  7  8 |
---------------+-------------------------+-----
Fighting       | 2 3 |  3.5
Short Blades   | 4 5 6 |  6.2
Dodging        | 4 5 6 |  6.1
Stealth        | 1 2 3 4 6 |  6.5
Armour         | 1 2 |  2.2
Invocations    | 1 2 3 |  3.4
Staves         | |  0.3
Throwing       | |  1.8
Evocations     | |  0.6

Action                   |  1- 3 |  4- 6 |  7- 9 || total
-------------------------+-------+-------+-------++-------
Melee: Rapier            |    51 |       |       ||    51
       Bite              |     4 |    11 |    23 ||    38
       Quick blade       |    53 |    92 |   152 ||   297
       Lajatang          |     4 |       |     9 ||    13
       Punch             |       |     1 |     2 ||     3
Throw: Throwing net      |     3 |     1 |       ||     4
       Dart              |       |       |     7 ||     7
       Boomerang         |       |       |     5 ||     5
Evoke: Wand              |       |       |     5 ||     5
  Use: Scroll            |     4 |     2 |     3 ||     9
       Potion            |       |       |     2 ||     2
 Stab: Held in net/web   |     1 |     1 |       ||     2
       Sleeping          |     1 |       |     1 ||     2
Armor: Ring mail         |    29 |       |       ||    29
       Scale mail        |     2 |    45 |    47 ||    94
Dodge: Dodged            |    48 |    33 |    46 ||   127
